AoeStats
← Frank Wumbos

Arabia

509515996Analyzed
1v1 RM · 6d ago on Sep 27, 2026· 19m 57s· 2 players
Game mode
Random Map
Map size
Tiny (2 player)
Population
200
Speed
Normal
Resources
Standard
Victory
Conquest
Starting age
Dark Age
Ending age
Imperial Age
RankedLock teamsTeams togetherTeam positionsShared explorationLock speedFull tech treeHidden civsTurbo modeCheats
Victory
Defeat
🇦🇷 Bohemians · Argentina
887
+15
🇺🇸 Teutons · United States
871
-41
Frank Wumbos
11:02 Feudal Age
11:33 Double-Bit Axe
12:04 Man-at-Arms
16:51 Wheelbarrow
Baldinord
3:48 Loom
11:59 Feudal Age
12:28 Double-Bit Axe
16:36 Fletching
19:30 Horse Collar
Connection lost

Rejoining the realm…

Still unreachable

The connection could not be restored.

Session expired

The server has moved on; the page needs a fresh start.